 Dungeon Crawl Stone Soup version 0.30-a0-1075-gcd70e7a56d (webtiles) character file.

Game seed: 10099820557402962988

84 spedboy43 the Covered (level 4, -2/35 HPs)
             Began as a Human Fighter on Apr 14, 2023.
             Was an Initiate of Makhleb.
             Killed from afar by Sigmund (8 damage)
             ... with a puff of flame
             ... on level 3 of the Dungeon.
             The game lasted 00:12:08 (2206 turns).

spedboy43 the Covered (Human Fighter)               Turns: 2206, Time: 00:12:09

Health: -2/35      AC: 11    Str: 18    XL:     4   Next: 72%
Magic:  4/4        EV:  5    Int:  8    God:    Makhleb [......]
Gold:   63         SH:  5    Dex: 13    Spells: 3/3 levels left

rFire   . . .      SeeInvis .    h - +0 short sword (drain)
rCold   . . .      Faith    .    c - +0 buckler
rNeg    . . .      Spirit   .    p - +0 plate armour
rPois   +          Reflect  .    (no helmet)
rElec   .          Rampage  .    (no cloak)
rCorr   +                        (no gloves)
Will    .....                    (no boots) Stlth
                                 n - amulet of magic regeneration
HPRegen 0.25/turn                l - ring of resist corrosion
MPRegen 0.49/turn                r - ring of poison resistance

@: no status effects
A: no striking features
a: Renounce Religion


You were on level 3 of the Dungeon.
You worshipped Makhleb.
Makhleb was noncommittal.
You visited 1 branch of the dungeon, and saw 3 of its levels.

You collected 63 gold pieces.

Inventory:

Hand Weapons
 a - a +0 long sword
 f - a +0 short sword
 h - a +0 short sword of draining (weapon)
Missiles
 i - 3 poisoned darts (quivered)
Armour
 c - a +0 buckler (worn)
 p - a +0 plate armour (worn)
Jewellery
 l - a ring of resist corrosion (left hand)
 n - an amulet of magic regeneration (around neck)
 r - a ring of poison resistance (right hand)
Scrolls
 b - a scroll of amnesia {unknown}
 e - a scroll of fog {unknown}
 g - a scroll of enchant weapon {unknown}
 j - a scroll of enchant armour {unknown}
 k - a scroll of fear {unknown}
 q - a scroll of identify {unknown}
Potions
 d - a potion of might
 m - a potion of lignification {unknown}
 o - a potion of curing {unknown}


   Skills:
 + Level 3.2 Fighting
 + Level 3.0 Long Blades
 + Level 3.5 Armour
 + Level 1.2 Dodging
 + Level 3.4 Shields


You had 3 spell levels left.
You didn't know any spells.
Your spell library was empty.

Dungeon Overview and Level Annotations

Branches:
Dungeon (3/15)

Altars:
Makhleb

Shops:
D:1 (

Annotations:
D:3 Sigmund


Message History

You open the door.
There is an open door here.
You open the door.
Sigmund the Dreaded comes into view.
He is wielding a +0 scythe and carrying a wand of flame (27).
Sigmund shouts!
Sigmund hits you from afar with a +0 scythe.
There is an open door, spattered with blood here.
You block Sigmund's attack.
You closely miss Sigmund.
Sigmund gestures wildly while chanting.
Sigmund flickers and vanishes!
Deactivating autopickup; reactivate with Ctrl-A.
You closely miss something.
You hear a zap.
A puff of flame appears from out of thin air!
The puff of flame hits you.
You closely miss something. Something hits you!
Something hits you but does no damage. Something completely misses you.
You hear a zap.
A puff of flame appears from out of thin air!
The puff of flame hits you.
You hear a zap.
A puff of flame appears from out of thin air!
The puff of flame hits you but does no damage.
You hear a zap.
A puff of flame appears from out of thin air!
The puff of flame hits you.
A magic dart appears from out of thin air!
The magic dart hits you.
* * * LOW HITPOINT WARNING * * *
Something hits you.
* * * LOW HITPOINT WARNING * * *
Sigmund zaps a wand.
The puff of flame misses you. Sigmund gestures at you while chanting.
The puff of flame hits you but does no damage.
Sigmund zaps a wand.
The puff of flame hits you.
* * * LOW HITPOINT WARNING * * *
Sigmund zaps a wand.
The puff of flame hits you!
You die...

...#####.......#.#.##.#.#....#...
...# #.......#.#.##+#.'...♣.)♣.
...# #.......#........#....#...
...# #######..###.....##....##.#
...# #.................#......♣.
...# #.......####.##...#.......†
...# #.................#........
...# ###..@............#........
##.# #.######@...#.#.#######+#
#.# #.###.........#... #.#
#......#####'##### #.#
#......#....~....# #.#
#.###.##..##~##..# #.# #.#
#.##....~....# #.######.#
#.##....~....# #......#.#
#.##.###_###.#
######.#.###.##....~....#


You could see Sigmund.

Vanquished Creatures
  A sleepcap (D:3)
  2 adders (D:3)
  A dart slug (D:1)
  4 ball pythons
  2 giant cockroaches (D:1)
  2 goblins (D:1)
  5 hobgoblins
  4 jackals (D:1)
  4 kobolds
  A quokka (D:3)
  3 bats (D:1)
  A frilled lizard (D:2)
  5 rats
35 creatures vanquished.

Notes
Turn   | Place    | Note
-------+----------+-------------------------------------------
     0 | D:1      | spedboy43 the Human Fighter began the quest for the Orb.
     0 | D:1      | Reached XP level 1. HP: 18/18 MP: 1/1
   126 | D:1      | Found Iroaq's Weapon Boutique.
   129 | D:1      | Reached XP level 2. HP: 24/24 MP: 2/2
   230 | D:1      | Reached XP level 3. HP: 26/26 MP: 3/3
  1350 | D:2      | Found a burning altar of Makhleb.
  1395 | D:2      | Became a worshipper of Makhleb the Destroyer
  1404 | D:2      | You fall into a shaft and drop 1 floor!
  1529 | D:3      | Reached skill level 1 in Dodging
  1529 | D:3      | Reached XP level 4. HP: 4/35 MP: 4/4
  1711 | D:3      | Found a faded altar of an unknown god.
  2159 | D:3      | Noticed Sigmund
  2206 | D:3      | Killed from afar by Sigmund

Illustrated notes

Levels and vault maps discovered:
D:1:      enne_arrival_octagon_isle, layout_basic, serial_shops, shop_fountains
D:2:      layout_basic, basic_altar
D:3:      layout_basic, shapermc_ecumenical_altar_notcrosses,
          kennysheep_generic_room_2, uniq_sigmund, uniq_natasha

Skill      XL: |  1  2  3  4 |
---------------+-------------+-----
Dodging        | 1 |  1.2
Long Blades    | 3 |  3.0
Fighting       | |  3.2
Armour         | |  3.5
Shields        | |  3.4

Action                     |  1- 3 |  4- 6 || total
---------------------------+-------+-------++-------
  Melee: Long sword        |    60 |       ||    60
         Short sword       |    30 |    39 ||    69
 Armour: Scale mail        |    81 |     6 ||    87
         Plate armour      |       |    12 ||    12
  Dodge: Dodged            |    66 |    16 ||    82
  Block: Buckler           |    25 |    14 ||    39

Table legend: (Time is in decaauts)
 A = Elapsed time spent in this place.
 B = Non-inter-level travel time spent in this place.
 C = Inter-level travel time spent in this place.
 D = Time resting spent in this place.
 E = Time spent auto-exploring this place.
 F = Levels seen in this place.
 G = Mean time per level.
                   A        B        C        D        E       F      G
               +--------+--------+--------+--------+--------+-----+--------+
         Total |   2225 |   2143 |     82 |    308 |    587 |   3 |  741.7 |
       Dungeon |   2225 |   2143 |     82 |    308 |    587 |   3 |  741.7 |
               +--------+--------+--------+--------+--------+-----+--------+

Top non-repeatable levels by time:
     D:1: 1244 daAuts
     D:3: 804 daAuts
     D:2: 176 daAuts
